| TOP OF THE 1ST |
|
San Francisco (APP) Giants batting - Pitching for Helena Brewers : RHP Jayden Whittick
|
|
Pitching: RHP Jayden Whittick
|
|
|
Batting: RHB Vinny Torres
|
0-0: Called Strike 0-1: Fly out, F8 (Flyball, 8LD, EV 86.2 MPH)
|
|
Batting: RHB Tsugio Yamaguchi
|
0-0: Ball 1-0: Called Strike 1-1: SINGLE (Groundball, 6MD, EV 99.4 MPH)
|
|
Batting: RHB Edwin Verdugo
|
0-0: Called Strike 0-1: Ball 1-1: Ball 2-1: Ball 3-1: Called Strike 3-2: 2-RUN HOME RUN (Flyball, 7LD, EV 96.9 MPH), Distance : 352 ft
|
|
Batting: RHB Zach Maguire
|
0-0: Ball 1-0: Foul Ball, location: 2F 1-1: Called Strike 1-2: Ground out 6-3 (Groundball, 6, EV 110.6 MPH)
|
|
Batting: LHB Chris West
|
0-0: Ball 1-0: Ground out U3 (Groundball, 23, EV 91.9 MPH)
|
| Top of the 1st over - 2 runs, 2 hits, 0 errors, 0 left on base; San Francisco (APP) 2 - Helena 0 |
| BOTTOM OF THE 1ST |
|
Helena Brewers batting - Pitching for San Francisco (APP) Giants : RHP Conrad van Gemert
|
|
Pitching: RHP Conrad van Gemert
|
|
|
Batting: LHB Andy Buschlen
|
0-0: Ball 1-0: Ball 2-0: Ball 3-0: Called Strike 3-1: Base on Balls
|
|
Batting: RHB Manny Olave
|
0-0: Ball 1-0: Ball 2-0: Ball 3-0: Base on Balls Andy Buschlen to second
|
|
Batting: RHB Curtis Montgomery
|
0-0: Ball 1-0: Foul Ball, location: 2F 1-1: Grounds into double play, 6-4-3 (Groundball, 6, EV 86.2 MPH) Andy Buschlen to third
|
|
Batting: LHB Jesus Huante
|
0-0: Ball 1-0: Foul Ball, location: 2F 1-1: Swinging Strike 1-2: Fly out, F8 (Line Drive, 8RD, EV 105.6 MPH)
|
| Bottom of the 1st over - 0 runs, 0 hits, 0 errors, 1 left on base; San Francisco (APP) 2 - Helena 0 |
| TOP OF THE 2ND |
|
San Francisco (APP) Giants batting - Pitching for Helena Brewers : RHP Jayden Whittick
|
|
Batting: RHB Alex Peguero
|
0-0: SINGLE (Line Drive, 8RM, EV 95.0 MPH)
|
|
Batting: RHB Chris Kulik
|
0-0: Ball 1-0: Ball 2-0: DOUBLE (Line Drive, 78D, EV 107.5 MPH) Alex Peguero to third
|
|
Batting: RHB Noe Oliva
|
0-0: 3-RUN HOME RUN (Flyball, 7LD, EV 96.9 MPH), Distance : 347 ft
|
|
Batting: RHB Jonathan Hemsley
|
0-0: SINGLE (Groundball, 56D, EV 95.0 MPH)
|
|
Batting: RHB Vinny Torres
|
0-0: Ball 1-0: Ball 2-0: Foul Ball, location: 2F 2-1: Ball 3-1: Base on Balls Jonathan Hemsley to second
|
|
Pitching: RHP Ryan Powers
|
|
|
Batting: RHB Tsugio Yamaguchi
|
0-0: Called Strike 0-1: Ball 1-1: Foul Ball, location: 2F 1-2: Ball 2-2: Foul Ball, location: 2F 2-2: Fly out, F7 (Flyball, 7, EV 73.8 MPH)
|
|
Batting: RHB Edwin Verdugo
|
0-0: Ball 1-0: Foul Ball, location: 2F 1-1: Foul Ball, location: 2F 1-2: Foul Ball, location: 2F 1-2: Strikes out swinging
|
|
Batting: RHB Zach Maguire
|
0-0: Ball 1-0: Ball 2-0: Swinging Strike 2-1: Foul Ball, location: 2F 2-2: Ball 3-2: Foul Ball, location: 2F 3-2: Base on Balls Jonathan Hemsley to third Vinny Torres to second
|
|
Batting: LHB Chris West
|
0-0: Swinging Strike 0-1: SINGLE (Groundball, 34D, EV 101.2 MPH) Jonathan Hemsley scores Vinny Torres to third Zach Maguire to second Runner from 3rd tries for Home, SAFE, throw by RF to home
|
|
Batting: RHB Alex Peguero
|
0-0: Ball 1-0: Called Strike 1-1: Ball 2-1: Ball 3-1: Fielders Choice at 2nd, 6-4 (Groundball, 6, EV 81.2 MPH)
|
| Top of the 2nd over - 5 runs, 5 hits, 0 errors, 2 left on base; San Francisco (APP) 7 - Helena 0 |
| BOTTOM OF THE 2ND |
|
Helena Brewers batting - Pitching for San Francisco (APP) Giants : RHP Conrad van Gemert
|
|
Batting: RHB Frank Pena
|
0-0: Ball 1-0: Foul Ball, location: 2F 1-1: Swinging Strike 1-2: DOUBLE (Flyball, 8LXD, EV 103.1 MPH)
|
|
Batting: LHB Jose Simental
|
0-0: Ground out 4-3 (Groundball, 4, EV 80.0 MPH) Frank Pena to third
|
|
Batting: RHB Fernando Mejia
|
0-0: Ball 1-0: Fly out, F9 (Flyball, 9D, EV 90.0 MPH) Runner from 3rd tags up, SCORES, throw by RF
|
|
Batting: RHB Justin Marino
|
0-0: Swinging Strike 0-1: Called Strike 0-2: Ball 1-2: Ball 2-2: Ball 3-2: Base on Balls
|
|
Batting: RHB Gil Sanchez
|
0-0: DOUBLE (Line Drive, 89D, EV 98.8 MPH) Justin Marino to third
|
|
Batting: LHB Andy Buschlen
|
0-0: SINGLE (Groundball, 34S, EV 98.1 MPH) Justin Marino scores Gil Sanchez to third Runner from 3rd tries for Home, SAFE, throw by RF to home
|
|
Batting: RHB Manny Olave
|
0-0: Called Strike 0-1: SINGLE (Groundball, 56S, EV 68.1 MPH) (infield hit) Andy Buschlen to second
|
|
Batting: RHB Curtis Montgomery
|
0-0: Ball 1-0: Called Strike 1-1: Ball 2-1: DOUBLE (Flyball, 8LD, EV 103.8 MPH) Andy Buschlen scores Manny Olave to third Runner from 3rd tries for Home, SAFE, no throw by CF
|
|
Batting: LHB Jesus Huante
|
0-0: Called Strike 0-1: Ball 1-1: Ground out 1-3 (Groundball, P, EV 69.4 MPH)
|
| Bottom of the 2nd over - 5 runs, 5 hits, 0 errors, 1 left on base; San Francisco (APP) 7 - Helena 5 |
| TOP OF THE 3RD |
|
San Francisco (APP) Giants batting - Pitching for Helena Brewers : RHP Ryan Powers
|
|
Batting: RHB Chris Kulik
|
0-0: Called Strike 0-1: SINGLE (Line Drive, 89M, EV 94.4 MPH)
|
|
Batting: RHB Noe Oliva
|
0-0: Fielders Choice at 2nd, 6-4 (Groundball, 6, EV 97.5 MPH)
|
|
Batting: RHB Jonathan Hemsley
|
0-0: Called Strike Noe Oliva steals 2nd base 0-1: Ball 1-1: Ball 2-1: Ball 3-1: Foul Ball, location: 2F 3-2: Base on Balls
|
|
Batting: RHB Vinny Torres
|
0-0: Foul Ball, location: 2F 0-1: Fly out, F8 (Line Drive, 8LM, EV 99.4 MPH)
|
|
Batting: RHB Tsugio Yamaguchi
|
0-0: Called Strike 0-1: Ball 1-1: Ball 2-1: Ground out 4-3 (Groundball, 4S, EV 73.8 MPH)
|
| Top of the 3rd over - 0 runs, 1 hit, 0 errors, 2 left on base; San Francisco (APP) 7 - Helena 5 |
| BOTTOM OF THE 3RD |
|
Helena Brewers batting - Pitching for San Francisco (APP) Giants : RHP Conrad van Gemert
|
|
Batting: RHB Frank Pena
|
0-0: Called Strike 0-1: Ball 1-1: Foul Ball, location: 2F 1-2: Foul Ball, location: 2F 1-2: Ball 2-2: Foul Ball, location: 2F 2-2: Foul Ball, location: 2F 2-2: Ground out U3 (Groundball, 3S, EV 66.9 MPH)
|
|
Batting: LHB Jose Simental
|
0-0: Ball 1-0: Foul Ball, location: 2F 1-1: Ball 2-1: Swinging Strike 2-2: Ball 3-2: Foul Ball, location: 2F 3-2: Ground out 2-3 (Groundball, 13S, EV 65.0 MPH)
|
|
Batting: RHB Fernando Mejia
|
0-0: Fly out, F7 (Flyball, 7S, EV 86.2 MPH)
|
| Bottom of the 3rd over - 0 runs, 0 hits, 0 errors, 0 left on base; San Francisco (APP) 7 - Helena 5 |
| TOP OF THE 4TH |
|
San Francisco (APP) Giants batting - Pitching for Helena Brewers : RHP Ryan Powers
|
|
Batting: RHB Edwin Verdugo
|
0-0: Called Strike 0-1: Called Strike 0-2: Ball 1-2: Ball 2-2: Ground out 5-3 (Groundball, 56, EV 81.2 MPH)
|
|
Batting: RHB Zach Maguire
|
0-0: Ball 1-0: Called Strike 1-1: Ground out 6-3 (Groundball, 6MS, EV 84.4 MPH)
|
|
Batting: LHB Chris West
|
0-0: Ball 1-0: Foul Ball, location: 2F 1-1: Ball 2-1: Ground out U3 (Groundball, 3, EV 86.2 MPH)
|
| Top of the 4th over - 0 runs, 0 hits, 0 errors, 0 left on base; San Francisco (APP) 7 - Helena 5 |
| BOTTOM OF THE 4TH |
|
Helena Brewers batting - Pitching for San Francisco (APP) Giants : RHP Conrad van Gemert
|
|
Pitching: RHP Danny Estrada
|
|
|
Batting: RHB Justin Marino
|
0-0: Called Strike 0-1: Swinging Strike 0-2: Ball 1-2: Ball 2-2: Strikes out swinging
|
|
Batting: RHB Gil Sanchez
|
0-0: Ball 1-0: Ground out 5-3 (Groundball, 56S, EV 85.0 MPH)
|
|
Batting: LHB Andy Buschlen
|
0-0: Ball 1-0: Foul Ball, location: 2F 1-1: Called Strike 1-2: Foul Ball, location: 2F 1-2: SINGLE (Line Drive, 8LS, EV 103.1 MPH)
|
|
Batting: RHB Manny Olave
|
0-0: 2-RUN HOME RUN (Flyball, 7D, EV 98.8 MPH), Distance : 380 ft
|
|
Batting: RHB Curtis Montgomery
|
0-0: Called Strike 0-1: Foul Ball, location: 2F 0-2: Strikes out swinging
|
| Bottom of the 4th over - 2 runs, 2 hits, 0 errors, 0 left on base; San Francisco (APP) 7 - Helena 7 |
| TOP OF THE 5TH |
|
San Francisco (APP) Giants batting - Pitching for Helena Brewers : RHP Ryan Powers
|
|
Batting: RHB Alex Peguero
|
0-0: Called Strike 0-1: Ball 1-1: Called Strike 1-2: Ball 2-2: Ball 3-2: Base on Balls
|
|
Batting: RHB Chris Kulik
|
0-0: Ball 1-0: Ball 2-0: SINGLE (Groundball, 34D, EV 111.9 MPH) Alex Peguero to second Runner from 2nd tries for 3rd, SAFE, throw by RF made to third
|
|
Batting: RHB Noe Oliva
|
0-0: Ball 1-0: Swinging Strike 1-1: Called Strike 1-2: Strikes out swinging
|
|
Pitching: LHP Keith Rogers
|
|
|
Batting: RHB Jonathan Hemsley
|
0-0: Called Strike 0-1: Ball 1-1: Ball 2-1: Ball 3-1: Base on Balls Chris Kulik to second
|
|
Batting: RHB Vinny Torres
|
0-0: Called Strike 0-1: Ball 1-1: Swinging Strike 1-2: Strikes out swinging
|
|
Batting: RHB Tsugio Yamaguchi
|
0-0: Called Strike 0-1: Ball 1-1: Ground out 1-3 (Groundball, 23, EV 67.5 MPH)
|
| Top of the 5th over - 0 runs, 1 hit, 0 errors, 3 left on base; San Francisco (APP) 7 - Helena 7 |
| BOTTOM OF THE 5TH |
|
Helena Brewers batting - Pitching for San Francisco (APP) Giants : RHP Danny Estrada
|
|
Batting: LHB Jesus Huante
|
0-0: Swinging Strike 0-1: DOUBLE (Flyball, 89D, EV 97.5 MPH)
|
|
Batting: RHB Frank Pena
|
0-0: Foul Ball, location: 2F 0-1: Called Strike 0-2: Foul Ball, location: 2F 0-2: Ground out 4-3 (Groundball, 4M, EV 105.6 MPH) Jesus Huante to third
|
|
Batting: LHB Jose Simental
|
0-0: SINGLE (Line Drive, 89M, EV 107.5 MPH) Jesus Huante scores
|
|
Pitching: RHP François Leclerc
|
|
|
Batting: RHB Fernando Mejia
|
0-0: Ball 1-0: Called Strike 1-1: Grounds into double play, 4-6-3 (Groundball, 4, EV 88.1 MPH)
|
| Bottom of the 5th over - 1 run, 2 hits, 0 errors, 0 left on base; San Francisco (APP) 7 - Helena 8 |
| TOP OF THE 6TH |
|
San Francisco (APP) Giants batting - Pitching for Helena Brewers : LHP Keith Rogers
|
|
Batting: RHB Edwin Verdugo
|
0-0: Ball 1-0: Called Strike 1-1: Foul Ball, location: 2F 1-2: Ball 2-2: Foul Ball, location: 2F 2-2: SINGLE (Line Drive, 78S, EV 105.6 MPH)
|
|
Batting: RHB Zach Maguire
|
0-0: Ball 1-0: Ball Edwin Verdugo is caught stealing 2nd base 2-4 2-0: Called Strike 2-1: Foul Ball, location: 2F 2-2: Foul Ball, location: 2F 2-2: Ball 3-2: Foul Ball, location: 2F 3-2: Hit by Pitch
|
|
Batting: LHB Chris West
|
0-0: Called Strike 0-1: Ball 1-1: Ball 2-1: Ball 3-1: Base on Balls Zach Maguire to second
|
|
Batting: RHB Alex Peguero
|
0-0: Foul Ball, location: 2F 0-1: Fielders Choice at 2nd, 6-4 (Groundball, 6, EV 88.8 MPH) Zach Maguire to third
|
|
Pitching: RHP Butch Powers
|
|
|
Batting: RHB Chris Kulik
|
0-0: Ball 1-0: Swinging Strike 1-1: Called Strike 1-2: Strikes out swinging
|
| Top of the 6th over - 0 runs, 1 hit, 0 errors, 2 left on base; San Francisco (APP) 7 - Helena 8 |
| BOTTOM OF THE 6TH |
|
Helena Brewers batting - Pitching for San Francisco (APP) Giants : RHP François Leclerc
|
|
Batting: RHB Justin Marino
|
0-0: SINGLE (Groundball, 56, EV 99.4 MPH)
|
|
Batting: RHB Gil Sanchez
|
0-0: Ball 1-0: Foul Ball, location: 2F 1-1: Grounds into double play, 6-4-3 (Groundball, 6, EV 81.2 MPH)
|
|
Batting: LHB Andy Buschlen
|
0-0: Ball 1-0: Ball 2-0: Ball 3-0: Base on Balls
|
|
Batting: RHB Manny Olave
|
0-0: Swinging Strike 0-1: Reached on error, E6 (Groundball, 6, EV 85.6 MPH) Andy Buschlen to second
|
|
Batting: RHB Curtis Montgomery
|
0-0: Foul Ball, location: 2F 0-1: Ball 1-1: Fly out, F9 (Line Drive, 9D, EV 93.8 MPH)
|
| Bottom of the 6th over - 0 runs, 1 hit, 1 error, 2 left on base; San Francisco (APP) 7 - Helena 8 |
| TOP OF THE 7TH |
|
San Francisco (APP) Giants batting - Pitching for Helena Brewers : RHP Butch Powers
|
|
Pinch Hitting: LHB Eddie Lemus
|
0-0: Ball 1-0: Ball 2-0: Foul Ball, location: 2F 2-1: Ground out 2-3 (Groundball, 2L, EV 69.4 MPH)
|
|
Pinch Hitting: RHB Coen Dirks
|
0-0: Fly out, F8 (Flyball, 8LM, EV 88.8 MPH)
|
|
Batting: RHB Vinny Torres
|
0-0: Called Strike 0-1: Foul Ball, location: 2F 0-2: Strikes out swinging
|
| Top of the 7th over - 0 runs, 0 hits, 0 errors, 0 left on base; San Francisco (APP) 7 - Helena 8 |
| BOTTOM OF THE 7TH |
|
Helena Brewers batting - Pitching for San Francisco (APP) Giants : RHP François Leclerc
|
|
Now in CF: Cedric Sweep
|
|
|
Now in RF: Eddie Lemus
|
|
|
Batting: LHB Jesus Huante
|
0-0: Called Strike 0-1: Swinging Strike 0-2: Strikes out swinging
|
|
Batting: RHB Frank Pena
|
0-0: Ball 1-0: DOUBLE (Groundball, 5L, EV 105.0 MPH)
|
|
Batting: LHB Jose Simental
|
0-0: Intentional Walk
|
|
Pitching: RHP Sam Green
|
|
|
Batting: RHB Fernando Mejia
|
0-0: Ball 1-0: DOUBLE (Flyball, 8RXD, EV 105.0 MPH) Frank Pena scores Jose Simental to third
|
|
Batting: RHB Justin Marino
|
0-0: Intentional Walk
|
|
Batting: RHB Gil Sanchez
|
0-0: Called Strike 0-1: Ball 1-1: Fly out, F7 (Flyball, 7S, EV 81.9 MPH)
|
|
Batting: LHB Andy Buschlen
|
0-0: Ball 1-0: Ball 2-0: Ball 3-0: Base on Balls Jose Simental scores Fernando Mejia to third Justin Marino to second
|
|
Batting: RHB Manny Olave
|
0-0: Called Strike 0-1: Foul Ball, location: 2F 0-2: Foul Ball, location: 2F 0-2: SINGLE (Groundball, 56D, EV 101.9 MPH) Fernando Mejia scores Justin Marino to third Andy Buschlen to second Runner from 3rd tries for Home, SAFE, throw by LF to home
|
|
Batting: RHB Curtis Montgomery
|
0-0: Ball 1-0: Ground out 6-3 (Groundball, 6S, EV 85.0 MPH)
|
| Bottom of the 7th over - 4 runs, 3 hits, 0 errors, 2 left on base; San Francisco (APP) 7 - Helena 12 |
| TOP OF THE 8TH |
|
San Francisco (APP) Giants batting - Pitching for Helena Brewers : RHP Butch Powers
|
|
Batting: RHB Tsugio Yamaguchi
|
0-0: Ground out 4-3 (Groundball, 4, EV 80.6 MPH)
|
|
Batting: RHB Edwin Verdugo
|
0-0: Ball 1-0: Ball 2-0: Foul Ball, location: 2F 2-1: Ball 3-1: Called Strike 3-2: Base on Balls
|
|
Batting: RHB Zach Maguire
|
0-0: Fly out, F9 (Line Drive, 9S, EV 96.9 MPH)
|
|
Batting: LHB Chris West
|
0-0: Ball 1-0: Foul Ball, location: 2F 1-1: Called Strike 1-2: Ball 2-2: Strikes out swinging
|
| Top of the 8th over - 0 runs, 0 hits, 0 errors, 1 left on base; San Francisco (APP) 7 - Helena 12 |
| BOTTOM OF THE 8TH |
|
Helena Brewers batting - Pitching for San Francisco (APP) Giants : RHP Sam Green
|
|
Batting: LHB Jesus Huante
|
0-0: Called Strike 0-1: Ball 1-1: Ground out 4-3 (Groundball, 4M, EV 88.8 MPH)
|
|
Batting: RHB Frank Pena
|
0-0: SINGLE (Line Drive, 9LS, EV 99.4 MPH)
|
|
Batting: LHB Jose Simental
|
0-0: Swinging Strike 0-1: Foul Ball, location: 2F 0-2: Ball 1-2: Ball 2-2: Ball 3-2: Foul Ball, location: 2F 3-2: Foul Ball, location: 2F 3-2: Foul Ball, location: 2F 3-2: Base on Balls Frank Pena to second
|
|
Pitching: LHP Jason Haas
|
|
|
Batting: RHB Fernando Mejia
|
0-0: Ball 1-0: Foul Ball, location: 2F 1-1: Ball 2-1: Called Strike Frank Pena steals 3rd base Jose Simental to second 2-2: Fly out, F9 (Flyball, 9, EV 72.5 MPH) Runner from 3rd tags up, SCORES, throw by RF Jose Simental to third
|
|
Batting: RHB Justin Marino
|
0-0: Ball 1-0: Foul Ball, location: 2F 1-1: Foul Ball, location: 2F 1-2: Ball 2-2: Foul Ball, location: 2F 2-2: Foul Ball, location: 2F 2-2: Foul Ball, location: 2F 2-2: SINGLE (Groundball, 6MD, EV 94.4 MPH) Jose Simental scores
|
|
Batting: RHB Gil Sanchez
|
0-0: Ball 1-0: Called Strike 1-1: Swinging Strike 1-2: Ball 2-2: Ball 3-2: Base on Balls Justin Marino to second
|
|
Batting: LHB Andy Buschlen
|
0-0: Ball 1-0: Called Strike 1-1: Ball 2-1: Fly out, F8 (Flyball, 78D, EV 95.0 MPH)
|
| Bottom of the 8th over - 2 runs, 2 hits, 0 errors, 2 left on base; San Francisco (APP) 7 - Helena 14 |
| TOP OF THE 9TH |
|
San Francisco (APP) Giants batting - Pitching for Helena Brewers : RHP Butch Powers
|
|
Pinch Hitting: RHB Rúbem Trancoso
|
0-0: Ball 1-0: Foul Ball, location: 2F 1-1: Foul Ball, location: 2F 1-2: Ball 2-2: Foul Ball, location: 2F 2-2: Strikes out swinging
|
|
Batting: RHB Chris Kulik
|
0-0: Foul Ball, location: 2F 0-1: Ball 1-1: Foul Ball, location: 2F 1-2: Ball 2-2: Ball 3-2: Foul Ball, location: 2F 3-2: Foul Ball, location: 2F 3-2: Strikes out swinging
|
|
Batting: LHB Eddie Lemus
|
0-0: Ball 1-0: Ball 2-0: Fly out, F8 (Line Drive, 8RD, EV 105.6 MPH)
|
| Top of the 9th over - 0 runs, 0 hits, 0 errors, 0 left on base; San Francisco (APP) 7 - Helena 14 |
|